 Dungeon Crawl Stone Soup version 0.30-a0-576-g89cddaab80 (webtiles) character file.

Game seed: 14095155974177596768

135 rsvaco the Shooter (level 4, 0/37 HPs)
             Began as a Demigod Hunter on Dec 30, 2022.
             Slain by Grinder (4 damage)
             ... while paralysed by Grinder
             ... on level 3 of the Dungeon.
             The game lasted 00:06:47 (1750 turns).

rsvaco the Shooter (Demigod Hunter)                 Turns: 1750, Time: 00:06:48

Health: 0/37       AC:  3    Str: 12    XL:     4   Next: 65%
Magic:  6/6        EV:  2    Int: 11    God:
Gold:   178        SH:  0    Dex: 27    Spells: 3/3 levels left

rFire   + . .      SeeInvis .    a - +1 shortbow
rCold   x . .      Faith    .    (shield currently unavailable)
rNeg    . . .      Spirit   .    c - +0 leather armour
rPois   .          Reflect  .    (no helmet)
rElec   .          Harm     .    (no cloak)
rCorr   .          Rampage  .    (no gloves)
Will    .....                    (no boots)
Stlth   ++                       (no amulet)
HPRegen 0.26/turn                o - ring of fire
MPRegen 0.10/turn                i - +6 ring of dexterity

@: paralysed
A: high MP 1, forlorn, divine attributes
a: no special abilities


You were on level 3 of the Dungeon.
You visited 1 branch of the dungeon, and saw 3 of its levels.

You collected 178 gold pieces.

Inventory:

Hand Weapons
 a - a +1 shortbow (weapon)
 p - a +0 short sword
Missiles
 e - 5 poisoned darts
Armour
 c - a +0 leather armour (worn)
 l - a +2 buckler
 m - a +0 chain mail
Jewellery
 i - a +6 ring of dexterity (right hand)
 o - a ring of fire (left hand)
Scrolls
 b - a scroll of immolation
 f - a scroll of identify {unknown}
 q - a scroll of blinking {unknown}
Potions
 d - a potion of flight {unknown}
 g - a potion of degeneration {unknown}
 h - a potion of curing {unknown}
 j - a potion of invisibility {unknown}
 k - a potion of attraction {unknown}
 n - a potion of haste {unknown}


   Skills:
 + Level 2.4 Fighting
 + Level 5.2 Ranged Weapons
 + Level 1.0 Armour
 + Level 1.9 Dodging
 + Level 0.8 Stealth


You had 3 spell levels left.
You didn't know any spells.
Your spell library contained the following spells:

 Spells                   Type           Power      Damage    Failure   Level
 Magic Dart               Conj           0%         1d3       41%         1
 Searing Ray              Conj           0%         2d4       56%         2
 Fulminant Prism          Conj/Hex       0%         3d5       99%         4


Dungeon Overview and Level Annotations

Branches:
Dungeon (3/15)

Annotations:
D:3 Grinder


Innate Abilities, Weirdness & Mutations

You have an increased reservoir of magic. (+10% MP)
You shall have no god before yourself.
Your divine heritage dramatically boosts your attributes as you level up.


Message History

You shoot an arrow. The arrow closely misses Grinder.
Grinder hits you!
You writhe in agony.
Fire: a) +1 shortbow
Press: ? - help, Q - select action, (/) - cycle Shift-Dir - straight line, f/p - Grinder
Aim: Grinder (moderately wounded, 66% to hit)
You shoot an arrow. The arrow closely misses Grinder.
Grinder hits you. Grinder closely misses you.
Fire: a) +1 shortbow
Press: ? - help, Q - select action, (/) - cycle Shift-Dir - straight line, f/p - Grinder
Aim: Grinder (moderately wounded, 66% to hit)
You shoot an arrow. The arrow hits Grinder.
Grinder is moderately wounded.
Grinder blinks!
Fire: a) +1 shortbow
Press: ? - help, Q - select action, (/) - cycle Shift-Dir - straight line, f/p - Grinder
Aim: Grinder (moderately wounded, 66% to hit)
You shoot an arrow.
The arrow hits Grinder but does no damage.
Grinder is moderately wounded.
Okay, then.
Fire: a) +1 shortbow
Press: ? - help, Q - select action, (/) - cycle Shift-Dir - straight line, f/p - Grinder
Aim: Grinder (moderately wounded, 66% to hit)
You shoot an arrow. The arrow closely misses Grinder.
Grinder gestures at you. You resist with significant effort.
Fire: a) +1 shortbow
Press: ? - help, Q - select action, (/) - cycle Shift-Dir - straight line, f/p - Grinder
Aim: Grinder (moderately wounded, 66% to hit)
You shoot an arrow. The arrow hits Grinder!
Grinder is heavily wounded.
Grinder hits you!
* * * LOW HITPOINT WARNING * * *
Grinder gestures at you.
You suddenly lose the ability to move!
Grinder says, "Wait up."
Grinder hits you.
* * * LOW HITPOINT WARNING * * *
You writhe in agony.
You die...

......# ......# ......# ......#
......# ......#
##########†.....#
#......@5.<.....#
#.########......# ##########).#
....... ..♣..P...#..# ######.
♣.~P~.~~....# ~~.~~~~P....###
##. .. ~~~≈~≈~~~.....#
####..##.♣
~.~≈≈≈~~~.....######..........♣
~♣~~.~~.......................♣♣


You could see Grinder.

Vanquished Creatures
  5 adders
  An ufetubus (D:3)
  4 worms
  4 dart slugs
  An orc (D:3)
  6 bats
  5 endoplasms
  3 giant cockroaches
  7 goblins
  5 hobgoblins
  2 jackals (D:2)
  2 quokkas
  2 ball pythons
  7 frilled lizards
  6 kobolds
  7 rats
67 creatures vanquished.

Vanquished Creatures (others)
  A plant (D:3)
1 creature vanquished.

Grand Total: 68 creatures vanquished

Notes
Turn   | Place    | Note
-------+----------+-------------------------------------------
     0 | D:1      | rsvaco the Demigod Hunter began the quest for the Orb.
     0 | D:1      | Reached XP level 1. HP: 17/17 MP: 3/3
   168 | D:1      | Reached skill level 4 in Ranged Weapons
   177 | D:1      | Reached XP level 2. HP: 24/24 MP: 4/4
   656 | D:2      | Reached XP level 3. HP: 29/29 MP: 5/5
  1543 | D:3      | Reached XP level 4. HP: 36/36 MP: 6/6
  1564 | D:3      | Reached skill level 5 in Ranged Weapons
  1599 | D:3      | Reached skill level 1 in Armour
  1728 | D:3      | Noticed Grinder
  1748 | D:3      | Paralysed by Grinder for 5 turns
  1750 | D:3      | Slain by Grinder

Illustrated notes

Levels and vault maps discovered:
D:1:      matt_arrival_los_fun, layout_basic, kennysheep_crisscross
D:2:      layout_basic
D:3:      layout_rooms, nicolae_uskayaw_suspiria, nrook_campfire,
          serial_bayou_pond_b, uniq_grinder

Skill      XL: |  1  2  3  4 |
---------------+-------------+-----
Ranged Weapons | 4 5 |  5.2
Fighting       | 2 |  2.4
Armour         | 1 |  1.0
Dodging        | |  1.9
Stealth        | |  0.8

Action                   |  1- 3 |  4- 6 || total
-------------------------+-------+-------++-------
 Fire: Shortbow          |   144 |    49 ||   193
  Use: Scroll            |     5 |       ||     5
Armor: Leather armour    |     8 |     4 ||    12
Dodge: Dodged            |    16 |    17 ||    33

Table legend: (Time is in decaauts)
 A = Elapsed time spent in this place.
 B = Non-inter-level travel time spent in this place.
 C = Inter-level travel time spent in this place.
 D = Time resting spent in this place.
 E = Time spent auto-exploring this place.
 F = Levels seen in this place.
 G = Mean time per level.
                   A        B        C        D        E       F      G
               +--------+--------+--------+--------+--------+-----+--------+
         Total |   1809 |   1709 |    100 |      0 |   1181 |   3 |  603.0 |
       Dungeon |   1809 |   1709 |    100 |      0 |   1181 |   3 |  603.0 |
               +--------+--------+--------+--------+--------+-----+--------+

Top non-repeatable levels by time:
     D:2: 899 daAuts
     D:1: 556 daAuts
     D:3: 354 daAuts
